BSA
SPRINGFIELD STARS @ HOUSTON MARSHALS
05/29/2027
 
TOP OF THE 1ST
Springfield Stars batting - Pitching for Houston Marshals : LHP José Hidalgo
Pitching: LHP José Hidalgo
Batting: RHB Calvin Bennett 0-0: Foul Ball, location: 2F
0-1: Ball
1-1: Ball
2-1: Fly out, F3 (Popup, 3)
Batting: RHB Juan Carlos Rodríguez 0-0: Fly out, F9 (Flyball, 9)
Batting: LHB Derek Davidson 0-0: Foul Ball, location: 2F
0-1: Ball
1-1: Foul Ball, location: 2F
1-2: Ball
2-2: Ball
3-2: Ground out 4-3 (Groundball, 34D)
Top of the 1st over - 0 run(s), 0 hit(s), 0 error(s), 0 left on base; Springfield 0 - Houston 0
BOTTOM OF THE 1ST
Houston Marshals batting - Pitching for Springfield Stars : LHP Joaquín Gonzáles
Pitching: LHP Joaquín Gonzáles
Batting: LHB John Peterson 0-0: Swinging Strike
0-1: Ball
1-1: Foul Ball, location: 2F
1-2: Strikes out looking
Batting: SHB Ramón Lugo 0-0: Ball
1-0: Swinging Strike
1-1: Foul Ball, location: 2F
1-2: Ball
2-2: Ball
3-2: Base on Balls
Batting: LHB Lewis Barr 0-0: Ball
1-0: Ball
2-0: Called Strike
2-1: Foul Ball, location: 2F
2-2: Foul Ball, location: 2F
2-2: Ball
3-2: Foul Ball, location: 2F
3-2: Foul Ball, location: 2F
3-2: Foul Ball, location: 2F
3-2: SINGLE (Line Drive, 4MD)
Ramón Lugo to second
Batting: LHB José Rodríguez 0-0: Fielders Choice at 2nd, 3-6 (Groundball, 3)
Ramón Lugo to third
Batting: SHB Greg Welch 0-0: Ball
1-0: Called Strike
1-1: Foul Ball, location: 2F
1-2: Fielders Choice at 2nd, 6-4 (Groundball, 6)
Bottom of the 1st over - 0 run(s), 1 hit(s), 0 error(s), 1 left on base; Springfield 0 - Houston 0
TOP OF THE 2ND
Springfield Stars batting - Pitching for Houston Marshals : LHP José Hidalgo
Batting: LHB Felipe Guerrero 0-0: Ball
1-0: Foul Ball, location: 2F
1-1: Called Strike
1-2: Fly out, F7 (Line Drive, 78S)
Batting: LHB Elliott Newell 0-0: Ball
1-0: Ground out U3 (Groundball, 23)
Batting: SHB Shane Hutchinson 0-0: Swinging Strike
0-1: Ground out 6-3 (Groundball, 6)
Top of the 2nd over - 0 run(s), 0 hit(s), 0 error(s), 0 left on base; Springfield 0 - Houston 0
BOTTOM OF THE 2ND
Houston Marshals batting - Pitching for Springfield Stars : LHP Joaquín Gonzáles
Batting: RHB David Murray 0-0: Fly out, F9 (Flyball, 9D)
Batting: LHB Matt Smith 0-0: Called Strike
0-1: Ball
1-1: Ball
2-1: Foul Ball, location: 2F
2-2: Strikes out swinging, 2-3 out at first.
Batting: RHB Gregg Nelson 0-0: Ball
1-0: Called Strike
1-1: Foul Ball, location: 2F
1-2: Ball
2-2: Ground out 4-3 (Groundball, 4)
Bottom of the 2nd over - 0 run(s), 0 hit(s), 0 error(s), 0 left on base; Springfield 0 - Houston 0
TOP OF THE 3RD
Springfield Stars batting - Pitching for Houston Marshals : LHP José Hidalgo
Batting: LHB Ryan Drake 0-0: Ball
1-0: SINGLE (Groundball, 34D)
Batting: RHB Juan Rodríguez 0-0: SINGLE (Groundball, 6MD)
Ryan Drake to second
Ryan Drake to third
Batting: SHB David García 0-0: Ball
1-0: Ball
2-0: Grounds into double play, 6-4-3 (Groundball, 6)
Ryan Drake scores
Batting: RHB Calvin Bennett 0-0: Ball
1-0: Ball
2-0: Ball
3-0: Called Strike
3-1: Base on Balls
Batting: RHB Juan Carlos Rodríguez 0-0: Ball
1-0: Ball
2-0: Called Strike
2-1: Foul Ball, location: 2F
2-2: Fly out, F8 (Flyball, 89M)
Top of the 3rd over - 1 run(s), 2 hit(s), 0 error(s), 1 left on base; Springfield 1 - Houston 0
BOTTOM OF THE 3RD
Houston Marshals batting - Pitching for Springfield Stars : LHP Joaquín Gonzáles
Batting: LHB Kent MacDulothe 0-0: Ball
1-0: Ground out 5-3 (Groundball, 56S)
Batting: LHB John Peterson 0-0: Foul Ball, location: 2F
0-1: Foul Ball, location: 2F
0-2: Ball
1-2: SINGLE (Flyball, 9S)
Batting: SHB Ramón Lugo 0-0: Ball
1-0: Fly out, F9 (Line Drive, 9)
Batting: LHB Lewis Barr 0-0: Ball
1-0: Called Strike
1-1: Ball
2-1: Ball
3-1: Base on Balls
John Peterson to second
Batting: LHB José Rodríguez 0-0: Called Strike
0-1: Foul Ball, location: 2F
0-2: Ball
1-2: Ball
2-2: Strikes out swinging
Bottom of the 3rd over - 0 run(s), 1 hit(s), 0 error(s), 2 left on base; Springfield 1 - Houston 0
TOP OF THE 4TH
Springfield Stars batting - Pitching for Houston Marshals : LHP José Hidalgo
Batting: LHB Derek Davidson 0-0: Ball
1-0: Swinging Strike
1-1: Swinging Strike
1-2: Ball
2-2: Strikes out swinging wild pitch, reaches first!
Batting: LHB Felipe Guerrero 0-0: Foul Ball, location: 2F
0-1: Ball
1-1: Ball
2-1: Called Strike
2-2: Ball
3-2: Foul Ball, location: 2F
3-2: Grounds into double play, 4-6-3 (Groundball, 4)
Batting: LHB Elliott Newell 0-0: Ball
1-0: Fly out, F2 (Popup, 5S)
Top of the 4th over - 0 run(s), 0 hit(s), 0 error(s), 0 left on base; Springfield 1 - Houston 0
BOTTOM OF THE 4TH
Houston Marshals batting - Pitching for Springfield Stars : LHP Joaquín Gonzáles
Batting: SHB Greg Welch 0-0: Called Strike
0-1: SOLO HOME RUN (Line Drive, 9D), Distance : 374 ft
Batting: RHB David Murray 0-0: Ball
1-0: SINGLE (Line Drive, 7LS)
Batting: LHB Matt Smith 0-0: Ball
1-0: Called Strike
1-1: Ball
2-1: Grounds into double play, 4-6-3 (Groundball, 34)
Batting: RHB Gregg Nelson 0-0: Swinging Strike
0-1: Ball
1-1: Ball
2-1: Ball
3-1: Called Strike
3-2: Foul Ball, location: 2F
3-2: Base on Balls
Batting: LHB Kent MacDulothe 0-0: Ball
1-0: Fielders Choice at 2nd, 4-6 (Groundball, 4)
Bottom of the 4th over - 1 run(s), 2 hit(s), 0 error(s), 0 left on base; Springfield 1 - Houston 1
TOP OF THE 5TH
Springfield Stars batting - Pitching for Houston Marshals : LHP José Hidalgo
Batting: SHB Shane Hutchinson 0-0: Ball
1-0: Ball
2-0: Ball
3-0: Called Strike
3-1: Base on Balls
Batting: LHB Ryan Drake 0-0: Called Strike
0-1: Foul Ball, location: 2F
0-2: Ball
1-2: Ball
2-2: Strikes out swinging
Batting: RHB Juan Rodríguez 0-0: Ball
1-0: Foul Ball, location: 2F
1-1: SINGLE (Groundball, 34) (infield hit)
Shane Hutchinson to second
Batting: SHB David García 0-0: Called Strike
0-1: Ball
1-1: Foul Ball, location: 2F
1-2: Ball
2-2: Strikes out looking
Batting: RHB Calvin Bennett 0-0: Ball
1-0: TRIPLE (Line Drive, 9LM)
Shane Hutchinson scores
Juan Rodríguez scores
Batting: RHB Juan Carlos Rodríguez 0-0: Called Strike
0-1: Ball
1-1: Foul Ball, location: 2F
1-2: Ground out 6-3 (Groundball, 6)
Top of the 5th over - 2 run(s), 2 hit(s), 0 error(s), 1 left on base; Springfield 3 - Houston 1
BOTTOM OF THE 5TH
Houston Marshals batting - Pitching for Springfield Stars : LHP Joaquín Gonzáles
Batting: LHB John Peterson 0-0: Fly out, F8 (Flyball, 8RD)
Batting: SHB Ramón Lugo 0-0: Called Strike
0-1: Fly out, F8 (Flyball, 8LM)
Batting: LHB Lewis Barr 0-0: Ball
1-0: Ball
2-0: Ball
3-0: Called Strike
3-1: SINGLE (Groundball, 34D)
Batting: LHB José Rodríguez 0-0: Fielders Choice at 2nd, 4-6 (Groundball, 34D)
Bottom of the 5th over - 0 run(s), 1 hit(s), 0 error(s), 0 left on base; Springfield 3 - Houston 1
TOP OF THE 6TH
Springfield Stars batting - Pitching for Houston Marshals : LHP José Hidalgo
Batting: LHB Derek Davidson 0-0: Called Strike
0-1: Ball
1-1: Ball
2-1: Foul Ball, location: 2F
2-2: Ground out 3-1 (Groundball, 34)
Batting: LHB Felipe Guerrero 0-0: Called Strike
0-1: Ball
1-1: Ball
2-1: Called Strike
2-2: Ball
3-2: Ground out 4-3 (Groundball, 4)
Batting: LHB Elliott Newell 0-0: Ball
1-0: Foul Ball, location: 2F
1-1: Ball
2-1: Swinging Strike
2-2: Strikes out swinging
Top of the 6th over - 0 run(s), 0 hit(s), 0 error(s), 0 left on base; Springfield 3 - Houston 1
BOTTOM OF THE 6TH
Houston Marshals batting - Pitching for Springfield Stars : LHP Joaquín Gonzáles
Batting: SHB Greg Welch 0-0: Ball
1-0: Called Strike
1-1: DOUBLE (Flyball, 78XD)
Batting: RHB David Murray 0-0: Ball
1-0: Called Strike
1-1: Ball
2-1: Ground out 5-3 (Groundball, 56)
Batting: LHB Matt Smith 0-0: Called Strike
0-1: Ball
1-1: Foul Ball, location: 2F
1-2: Strikes out swinging
Batting: RHB Gregg Nelson 0-0: Called Strike
0-1: Ball
1-1: Foul Ball, location: 2F
1-2: Foul Ball, location: 2F
1-2: Foul Ball, location: 2F
1-2: Ground out 6-3 (Groundball, 56)
Bottom of the 6th over - 0 run(s), 1 hit(s), 0 error(s), 1 left on base; Springfield 3 - Houston 1
TOP OF THE 7TH
Springfield Stars batting - Pitching for Houston Marshals : LHP José Hidalgo
Batting: SHB Shane Hutchinson 0-0: Ball
1-0: Ball
2-0: Ball
3-0: Called Strike
3-1: Called Strike
3-2: SINGLE (Flyball, 8RS)
Pitching: RHP Vinícius Itaquy
Batting: LHB Ryan Drake 0-0: Bunted foul
0-1: Ball
1-1: Ball
2-1: Bunted foul
2-2: Grounds into double play, 6-4-3 (Groundball, 6)
Batting: RHB Juan Rodríguez 0-0: Ball
1-0: SINGLE (Groundball, 56D)
Batting: SHB David García 0-0: Ball
1-0: Ball
2-0: Swinging Strike
2-1: Foul Ball, location: 2F
2-2: Foul Ball, location: 2F
2-2: Strikes out swinging
Top of the 7th over - 0 run(s), 2 hit(s), 0 error(s), 1 left on base; Springfield 3 - Houston 1
BOTTOM OF THE 7TH
Houston Marshals batting - Pitching for Springfield Stars : LHP Joaquín Gonzáles
Pitching: RHP Luis Cortéz
Batting: LHB Kent MacDulothe 0-0: Ball
1-0: Called Strike
1-1: Called Strike
1-2: SINGLE (Groundball, 56D)
Pitching: LHP Shan Liu
Batting: LHB John Peterson 0-0: Bunted foul
0-1: Bunt - Flyout! F5
Batting: SHB Ramón Lugo 0-0: Ball
1-0: Ball
2-0: Ball
3-0: Swinging Strike
3-1: Swinging Strike
3-2: Strikes out looking
Batting: LHB Lewis Barr 0-0: Swinging Strike
0-1: Ball
Passed Ball!
Kent MacDulothe to second
1-1: Called Strike
1-2: Foul Ball, location: 2F
1-2: Ball
2-2: Ball
3-2: Fly out, F7 (Flyball, 7LSF)
Bottom of the 7th over - 0 run(s), 1 hit(s), 0 error(s), 1 left on base; Springfield 3 - Houston 1
TOP OF THE 8TH
Springfield Stars batting - Pitching for Houston Marshals : RHP Vinícius Itaquy
Batting: RHB Calvin Bennett 0-0: Foul Ball, location: 2F
0-1: Foul Ball, location: 2F
0-2: Fly out, F8 (Flyball, 8RM)
Batting: RHB Juan Carlos Rodríguez 0-0: Ball
1-0: Foul Ball, location: 2F
1-1: Ball
2-1: Foul Ball, location: 2F
2-2: Strikes out swinging
Batting: LHB Derek Davidson 0-0: Ball
1-0: DOUBLE (Line Drive, 9LM)
Batting: LHB Felipe Guerrero 0-0: Ball
1-0: Ball
2-0: Swinging Strike
2-1: Foul Ball, location: 2F
2-2: Ball
3-2: DOUBLE (Line Drive, 9LM)
Derek Davidson scores
Batting: LHB Elliott Newell 0-0: SINGLE (Flyball, 89S)
Felipe Guerrero to third
Runner from 3rd tries for Home, SAFE, no throw
Batting: SHB Shane Hutchinson 0-0: Foul Ball, location: 2F
0-1: Ball
1-1: Ball
2-1: Swinging Strike
2-2: Strikes out looking
Top of the 8th over - 2 run(s), 3 hit(s), 0 error(s), 1 left on base; Springfield 5 - Houston 1
BOTTOM OF THE 8TH
Houston Marshals batting - Pitching for Springfield Stars : LHP Shan Liu
Pitching: RHP Ramón Vélez
Batting: LHB José Rodríguez 0-0: Ball
1-0: Ball
2-0: Foul Ball, location: 2F
2-1: Swinging Strike
2-2: Foul Ball, location: 2F
2-2: DOUBLE (Line Drive, 9LD)
Batting: SHB Greg Welch 0-0: Called Strike
0-1: SINGLE (Groundball, 4MD)
José Rodríguez to third
Pitching: LHP Jorge Aybar
Batting: RHB David Murray 0-0: Ball
1-0: DOUBLE (Line Drive, 78D)
José Rodríguez scores
Greg Welch to third
Batting: LHB Matt Smith 0-0: Ball
1-0: Fly out, F8 (Flyball, 8RS)
Batting: RHB Gregg Nelson 0-0: Called Strike
0-1: Called Strike
0-2: Foul Ball, location: 2F
0-2: Ball
1-2: Ball
2-2: Ball
3-2: Fly out, F2 (Popup, 5S)
Batting: LHB Kent MacDulothe 0-0: Ground out 4-3 (Groundball, 34)
Bottom of the 8th over - 1 run(s), 3 hit(s), 0 error(s), 2 left on base; Springfield 5 - Houston 2
TOP OF THE 9TH
Springfield Stars batting - Pitching for Houston Marshals : RHP Vinícius Itaquy
Batting: LHB Ryan Drake 0-0: Ball
1-0: Ball
2-0: Ball
3-0: Called Strike
3-1: SINGLE (Groundball, 34D)
Batting: RHB Juan Rodríguez 0-0: Called Strike
0-1: Foul Ball, location: 2F
0-2: Foul Ball, location: 2F
0-2: Foul Ball, location: 2F
0-2: Ground out U3 (Groundball, 34S)
Ryan Drake to second
Batting: SHB David García 0-0: Called Strike
Ryan Drake steals 3rd base
0-1: Ball
1-1: Ground out U3 (Groundball, 3S)
Batting: RHB Calvin Bennett 0-0: Ball
1-0: Ball
2-0: Called Strike
2-1: Foul Ball, location: 2F
2-2: Foul Ball, location: 2F
2-2: Foul Ball, location: 2F
2-2: Ball
3-2: Ground out 6-3 (Groundball, 6S)
Top of the 9th over - 0 run(s), 1 hit(s), 0 error(s), 1 left on base; Springfield 5 - Houston 2
BOTTOM OF THE 9TH
Houston Marshals batting - Pitching for Springfield Stars : LHP Jorge Aybar
Pitching: RHP George Lockhart
Batting: LHB John Peterson 0-0: Called Strike
0-1: Foul Ball, location: 2F
0-2: Foul Ball, location: 2F
0-2: Ball
1-2: Strikes out swinging
Batting: SHB Ramón Lugo 0-0: Foul Ball, location: 2F
0-1: Called Strike
0-2: Foul Ball, location: 2F
0-2: Ball
1-2: Ball
2-2: Ball
3-2: Foul Ball, location: 2F
3-2: Base on Balls
Batting: LHB Lewis Barr 0-0: Fly out, F9 (Flyball, 9S)
Batting: LHB José Rodríguez 0-0: Ball
1-0: Foul Ball, location: 2F
1-1: Fly out, F6 (Popup, 56D)
Bottom of the 9th over - 0 run(s), 0 hit(s), 0 error(s), 1 left on base; Springfield 5 - Houston 2
Thursday, March 30th, 2017 - OOTP Baseball 17.12 Build 75